 Dungeon Crawl Stone Soup version 0.22-a0-480-g991dd4b (webtiles) character file.

95 Tallim the Poker (level 4, -3/34 HPs)
             Began as a Merfolk Skald on June 15, 2018.
             Was an Initiate of Wu Jian.
             Killed by divine providence
             ... invoked by an orc priest
              (15 damage)
             ... on level 3 of the Dungeon.
             The game lasted 00:06:03 (1902 turns).

Tallim the Poker (Merfolk Skald)                    Turns: 1902, Time: 00:06:04

Health: -3/34      AC:  5    Str: 11    XL:     4   Next: 66%
Magic:  6/7        EV: 11    Int: 12    God:    Wu Jian [......]
Gold:   113        SH:  0    Dex: 14    Spells: 4/7 levels left

rFire    . . .     SeeInvis .   a - +0 spear
rCold    . . .     Gourm    .   (no shield)
rNeg     . . .     Faith    .   f - +0 ring mail
rPois    .         Spirit   .   (no helmet)
rElec    .         Reflect  .   (no cloak)
rCorr    .         Harm     .   (no gloves)
MR       .....                  (no boots)
Stlth    +.........             (no amulet)
HPRegen  0.11/turn              (no ring)
MPRegen  0.10/turn              (no ring)

@: singing (expiring)
A: change form in water, swift swim, stealthy swim
a: Renounce Religion


You were on level 3 of the Dungeon.
You worshipped Wu Jian.
Wu Jian was noncommittal.
You were not hungry.

You visited 1 branch of the dungeon, and saw 3 of its levels.

You collected 113 gold pieces.

Inventory:

Hand Weapons
 a - a +0 spear (weapon)
Armour
 b - a +0 leather armour
 f - a +0 ring mail (worn)
 n - a cursed -2 pair of boots
Jewellery
 i - a cursed ring of teleportation {unknown}
Scrolls
 c - a scroll of enchant armour {unknown}
 g - a scroll of blinking {unknown}
 k - a scroll of identify {unknown}
 m - a scroll of remove curse {unknown}
 p - a scroll of enchant weapon {unknown}
 q - a scroll of random uselessness {unknown}
Potions
 e - a potion of degeneration {unknown}
 h - a potion of ambrosia {unknown}
 j - a potion of agility {unknown}
 l - a potion of cancellation {unknown}
 o - a potion of haste {unknown}
Comestibles
 d - 3 rations
 r - 2 chunks of flesh


   Skills:
 + Level 2.6 Fighting
 + Level 4.7 Polearms
 + Level 1.2 Armour
 + Level 3.2 Dodging
 + Level 2.1 Spellcasting
 + Level 4.0 Charms


You had 4 spell levels left.
You knew the following spells:

 Your Spells              Type           Power        Failure   Level  Hunger
a - Infusion              Chrm           ##..         12%         1    ##.....
b - Song of Slaying       Chrm           ##......     19%         2    ###....

Your spell library contained the following spells:

 Spells                   Type           Power        Failure   Level  Hunger
 Regeneration             Chrm/Necr      #.........   63%         3    ####...
 Shroud of Golubria       Chrm/Tloc      #.........   38%         2    ###....
 Spectral Weapon          Hex/Chrm       #.......     63%         3    ####...


Dungeon Overview and Level Annotations

Branches:
Dungeon (3/15)

Altars:
Ru
Wu Jian


Message History

You hit the orc.
The orc is heavily wounded.
The orc barely misses you.
You barely miss the orc.
The orc is lightly wounded.
The orc hits you but does no damage.
You closely miss the orc.
The orc is lightly wounded.
The orc hits you with a hand axe. The orc barely misses you.
You hit the orc but do no damage. The orc hits you with a hand axe.
The orc misses you.
You hit the orc.
The orc is heavily wounded.
The orc priest barely misses you. The orc barely misses you.
The orc hits you but does no damage.
The orc priest looks braver for a moment.
Your song is almost over.
The orc priest mumbles some strange prayers to Beogh against you.
Beogh smites you!
You die...

#.............≈.. .....
................
.....#####...##........
...............#######.
................##
..........................
.....K..#......'#######+..
.......K#......#)..#...#
........#..@...#...#...#
......#..o...#.......#
#....#..o...###._.###
####o...#o.....#.......#
#.....o(#o.....#...#...#
#......(#K.....#...#...#
...............'#######+
.....##................
..... #.......#........


You could see an orc priest, 3 orcs and a kobold.

Vanquished Creatures
  An orc wizard (D:3)
  An adder (D:2)
  2 worms (D:2)
  A dart slug (D:1)
  3 leopard geckos (D:2)
  4 orcs
  A ball python (D:1)
  8 bats
  3 giant cockroaches
  3 goblins
  7 hobgoblins
  A quokka (D:2)
  A frilled lizard (D:1)
  2 kobolds (D:2)
  4 rats
42 creatures vanquished.

Notes
Turn   | Place    | Note
-------+----------+-------------------------------------------
     0 | D:1      | Tallim the Merfolk Skald began the quest for the Orb.
     0 | D:1      | Reached XP level 1. HP: 16/16 MP: 3/3
     0 | D:1      | Noticed an orb of fire
     0 | D:1      | Noticed an iron dragon
     1 | D:1      | Noticed a tentacled monstrosity
     1 | D:1      | Noticed an iron dragon
     3 | D:1      | Noticed a shadow dragon
    11 | D:1      | Noticed an iron dragon
    13 | D:1      | Noticed a large abomination
    15 | D:1      | Noticed a large abomination
    17 | D:1      | Noticed a large abomination
    17 | D:1      | Noticed a green draconian
    19 | D:1      | Noticed a shadow dragon
    19 | D:1      | Noticed a large abomination
    19 | D:1      | Noticed a green draconian
    21 | D:1      | Noticed a large abomination
    23 | D:1      | Noticed a tentacled monstrosity
    25 | D:1      | Noticed a shadow dragon
   120 | D:1      | Reached XP level 2. HP: 22/22 MP: 5/5
   124 | D:1      | Learned a level 2 spell: Song of Slaying
   739 | D:2      | Reached XP level 3. HP: 25/28 MP: 6/6
   876 | D:2      | Reached skill level 1 in Armour
  1595 | D:2      | Found an ornate altar of the Wu Jian Council.
  1602 | D:2      | Became a worshipper of the Wu Jian Council
  1781 | D:3      | Reached XP level 4. HP: 30/34 MP: 7/7
  1801 | D:3      | Found a faded altar of an unknown god.
  1838 | D:3      | Found a sacrificial altar of Ru.
  1902 | D:3      | Killed from afar by an orc priest

Vault maps used:
D:1:      shiori_arrival_whats_in_store_for_you
D:2:      overflow_temple_1_default, first_ration, corexii_corridor_pit
D:3:      nicolae_ru_great_annihilating_truth, lemuel_round_altar,
          chequers_ecumenical_altar_island, tgw_trog, uniq_grinder

Skill      XL: |  1  2  3 |
---------------+----------+-----
Charms         | 4 |  4.0
Dodging        | 3 |  3.2
Armour         | 1 |  1.2
Polearms       | 4 |  4.7
Fighting       | |  2.6
Spellcasting   | |  2.1

Action                   |  1- 3 |  4- 6 || total
-------------------------+-------+-------++-------
Melee: Spear             |   182 |    47 ||   229
       Tailslap          |       |     1 ||     1
 Cast: Song of Slaying   |       |     1 ||     1
Invok: Lunge             |     4 |     2 ||     6
  Eat: Ration            |     1 |       ||     1
Armor: Ring mail         |    69 |    18 ||    87
Dodge: Dodged            |   107 |    32 ||   139

Table legend:
 A = Spawn XP
 B = Non-spawn XP
 C = Spawn XP percentage of total XP
 D = Spawn monster count
 E = Non-spawn monster count
 F = Spawn count percentage of total count
 G = Total turns spent on level
                    A         B        C        D         E        F      G
               +---------+---------+-------+---------+---------+-------+---------
         Total |       0 |     137 |   0.0 |       0 |      42 |   0.0 |  1902
               +---------+---------+-------+---------+---------+-------+---------
           D:1 |       0 |      16 |   0.0 |       0 |       8 |   0.0 |   478
           D:2 |       0 |      56 |   0.0 |       0 |      19 |   0.0 |  1249
           D:3 |       0 |      65 |   0.0 |       0 |      15 |   0.0 |   175
               +---------+---------+-------+---------+---------+-------+---------
